 Dungeon Crawl Stone Soup version 0.31.0-11-ge490571c62 (webtiles) character file.

Game seed: 16414430970409497142

89665 jasper the Warrior (level 15, -11/117 HPs)
             Began as a Barachi Hunter on Feb 5, 2024.
             Was the Champion of Hepliaklqana.
             Killed from afar by a deep elf zephyrmancer (32 damage)
             ... with a bolt of lightning
             ... on level 14 of the Dungeon.
             The game lasted 00:35:49 (21839 turns).

jasper the Warrior (Barachi Hunter)                Turns: 21839, Time: 00:35:49

Health: -11/117    AC: 36    Str: 12    XL:     15   Next: 98%
Magic:  20/21      EV: 19    Int:  9    God:    Hepliaklqana [******]
Gold:   1187       SH:  0    Dex: 27    Spells: 12/14 levels left

rFire   . . .        v - +2 longbow (flame)
rCold   + + .        (shield currently unavailable)
rNeg    . . .        Y - +9 ice dragon scales of the Devil {rPois rF- rC++ Dex+3}
rPois   +            p - +1 helmet
rElec   .            J - +2 cloak {rCorr}
rCorr   +            W - +0 pair of gloves
SInv    .            F - +2 pair of boots
Will    +....        k - amulet of regeneration
Stlth   +            V - ring of resist corrosion
HPRegen 1.19/turn    G - ring of protection from fire
MPRegen 0.17/turn

%: no passive effects
@: studying Stealth, slow
A: reduced essence, amphibious, slowness 1, strong legs 2, +LOS
a: Hop, Renounce Religion, Recall Ancestor, Ancestor Identity, Transference,
Idealise


You were on level 14 of the Dungeon.
You worshipped Hepliaklqana.
Hepliaklqana was exalted by your worship.
You visited 4 branches of the dungeon, and saw 22 of its levels.
You also visited: Ossuary.

You collected 2916 gold pieces.
You spent 1729 gold pieces at shops.

Inventory:

Hand Weapons
 a - a +1 shortbow of electrocution
 v - a +2 longbow of flaming (weapon)
 Q - a +0 orcbow
 X - a +0 arbalest
Missiles
 g - 58 poisoned darts
Armour
 c - a +0 leather armour
 h - a +0 cloak
 p - a +1 helmet (worn)
 q - a +0 ring mail
 C - the +4 chain mail "Ihutreta" {Regen+ SInv}
   (You found it on level 6 of the Dungeon)

   SInv:      It lets you see invisible.
   Regen+:    It increases your rate of health regeneration.
 F - a +2 pair of boots (worn)
 J - a +2 cloak of preservation (worn)
 W - a +0 pair of gloves (worn)
 Y - the +9 ice dragon scales of the Devil (worn) {rPois rF- rC++ Dex+3}
   (You bought it in a shop on level 10 of the Dungeon)

   Dex+3:     It affects your dexterity (+3).
   rF-:       It makes you vulnerable to fire.
   rC++:      It greatly protects you from cold.
   rPois:     It protects you from poison
Jewellery
 k - an amulet of regeneration (around neck)
 x - a +4 ring of protection
 z - a ring of magical power
 B - an amulet of reflection
 D - a ring of positive energy
 G - a ring of protection from fire (right hand)
 K - a +4 ring of protection
 O - a +5 ring of evasion
 V - a ring of resist corrosion (left hand)
Wands
 d - a wand of flame (38)
 y - a wand of mindburst (30)
 A - a wand of quicksilver (22)
 E - a wand of charming (19)
 M - a wand of polymorph (21)
 Z - a wand of digging (1)
Scrolls
 b - 2 scrolls of butterflies
 e - 9 scrolls of identify
 j - 5 scrolls of teleportation
 l - 5 scrolls of amnesia
 o - 3 scrolls of enchant weapon
 w - 3 scrolls of fog
 I - 5 scrolls of immolation
 L - a scroll of brand weapon
 T - 5 scrolls of blinking
 U - a scroll of poison
Potions
 f - 5 potions of lignification
 i - 10 potions of curing
 m - 2 potions of ambrosia
 n - 7 potions of haste
 r - 3 potions of enlightenment
 s - 7 potions of attraction
 t - 2 potions of invisibility
 u - 5 potions of degeneration
 H - 2 potions of mutation
 N - a potion of might
 R - a potion of brilliance
 S - a potion of cancellation


   Skills:
 - Level 16.1 Fighting
 + Level 14.1 Ranged Weapons
 - Level 15.8 Armour
 - Level 14.8 Dodging
 - Level 0.8 Stealth
 - Level 8.2 Invocations


You had 12 spell levels left.
You knew the following spells:

 Your Spells              Type           Power      Damage    Failure   Level
a - Blink                 Tloc           0%         N/A       93%         2

Your spell library contained the following spells:

 Spells                   Type           Power      Damage    Failure   Level
 Magic Dart               Conj           0%         1d3       83%         1
 Summon Small Mammal      Summ           0%         N/A       83%         1
 Call Imp                 Summ           0%         N/A       93%         2
 Ensorcelled Hibernation  Hex/Ice        0%         N/A       93%         2
 Searing Ray              Conj           0%         2d4       93%         2
 Call Canine Familiar     Summ           0%         N/A       99%         3
 Passwall                 Erth           0%         N/A       99%         3
 Swiftness                Air            0%         N/A       99%         3
 Fulminant Prism          Conj/Alch      0%         3d5       100%        4
 Summon Blazeheart Golem  Fire/Summ      0%         N/A       100%        4
 Alistair's Intoxication  Alch           0%         N/A       100%        5
 Borgnjor's Vile Clutch   Necr/Erth      0%         N/A       100%        5
 Eringya's Noxious Bog    Alch           0%         4d6       100%        6


Dungeon Overview and Level Annotations

Branches:
Dungeon (14/15)            Temple (0/1) D:6            Lair (5/5) D:10
 Shoals (1/4) Lair:3        Snake (0/4) Lair:2        Slime (0/5) Lair:4
    Orc (2/2) D:11            Elf (0/3) Orc:2        Vaults (0/5) D:14
Ossuary (visited)

Altars:
Dithmenos
Hepliaklqana
Kikubaaqudgha
Qazlal
Ru
Wu Jian
The Shining One
Jiyva

Shops:
D:8 [   D:10 [   Orc:2 *[([=


Innate Abilities, Weirdness & Mutations

Your life essence is reduced to manifest your ancestor. (-10% HP)
You are amphibious.
You cover ground slowly.
You can hop long distances.
You have an extended range of vision and can be seen from far away.


Message History

The fire elemental closely misses you.
You shoot an arrow.
The arrow hits the deep elf zephyrmancer.
The arrow burns the deep elf zephyrmancer.
The deep elf zephyrmancer is lightly wounded.
The fire elemental hits you.
The deep elf zephyrmancer hits you but does no damage.
The fire elemental hits you.
You shoot an arrow.
The arrow hits the deep elf zephyrmancer but does no damage.
The deep elf zephyrmancer is lightly wounded.
The deep elf zephyrmancer mumbles some strange words.
The deep elf zephyrmancer blinks!
The fire elemental misses you.
The deep elf zephyrmancer gestures at you while chanting.
The bolt of lightning hits you! The bolt of lightning misses you.
The deep elf zephyrmancer casts a spell.
The deep elf zephyrmancer blinks!
The fire elemental misses you.
Fire: v) +2 longbow (flame)
Press: ? - help, Q - select action, (/) - cycle Shift-Dir - straight line, f/p - deep elf zephyrmancer
Aim: a deep elf zephyrmancer, wielding a +1 dagger of freezing and wearing a +0 scale mail (lightly wounded, 72% to hit)
You shoot an arrow.
The arrow hits the deep elf zephyrmancer!
The arrow burns the deep elf zephyrmancer.
The deep elf zephyrmancer is heavily wounded.
The fire elemental hits you. The fire elemental burns you!
The deep elf zephyrmancer points at you and mumbles some strange words.
The bolt of lightning hits you!!
* * * LOW HITPOINT WARNING * * *
Fire: v) +2 longbow (flame)
Press: ? - help, Q - select action, (/) - cycle Shift-Dir - straight line, f/p - deep elf zephyrmancer
Aim: a deep elf zephyrmancer, wielding a +1 dagger of freezing and wearing a +0 scale mail (heavily wounded, 72% to hit)
You shoot an arrow.
The arrow misses the deep elf zephyrmancer.
The fire elemental hits you. The fire elemental burns you!
* * * LOW HITPOINT WARNING * * *
The deep elf pyromancer casts a spell.
The deep elf pyromancer blinks!
The deep elf zephyrmancer points at you and mumbles some strange words.
The bolt of lightning hits you!!
You die...

# #.# # # # # #
#>#....#
####.##.#.##.#
####..§...##...##.#
#.@.....e.##...##.#
#E##########...##.#
#E#§.o.o.e #...##.#
#E# ..O.. ##...##.#
#)# ... #....##)#
#e####'####[...[.).
#.....Re....##.##.#
#............#.....
##...........####..


You could see a deep elf pyromancer, a deep elf zephyrmancer and 3 fire
elementals.

Vanquished Creatures
  A stone giant (Orc:2)
  Nessos (D:14)
  3 ettins (Orc:2)
  A fire dragon (Lair:5)
  6 hydras
  5 centaur warriors
  6 boulder beetles
  2 two-headed ogres (D:14)
  2 tengu warriors (D:14)
  3 skysharks
  3 orc knights
  Pikel (D:5)
  3 ugly things
  A lindwurm (Lair:5)
  2 orc sorcerers (Orc:2)
  10 cyclopes
  8 manticores
  A meliai (D:14)
  A rust devil (D:12)
  11 elephants
  6 black mambas
  2 orange demons (D:12)
  3 torpor snails (Lair:5)
  13 cane toads
  9 rime drakes
  A tengu conjurer (D:14)
  3 komodo dragons
  Psyche (D:10)
  6 polar bears
  8 trolls
  3 tyrant leeches (Lair:5)
  A merfolk (Shoals:1)
  7 hornets
  14 blink frogs
  7 slime creatures (D:14)
  A snapping turtle (Shoals:1)
  A shadow (D:9)
  2 wraiths
  6 wyverns
  7 basilisks (Lair:5)
  16 yaks
  Eustachio (D:4)
  8 vampire mosquitoes
  2 neqoxecs (D:12)
  A warg (Orc:1)
  A steam dragon (D:7)
  Menkaure (D:4)
  2 hell hounds (Lair:5)
  An acid dragon (D:12)
  2 nagas (Lair:2)
  7 water moccasins
  5 orc warriors
  6 ice beasts
  7 black bears (Lair:1)
  5 ogres
  8 wolves
  5 centaurs (D:11)
  2 lemures (D:5)
  A kobold brigand (D:8)
  6 bullfrogs
  A gnoll sergeant (D:9)
  4 scorpions
  5 wights (D:10)
  25 killer bees
  4 howler monkeys
  An electric eel (Lair:2)
  2 bombardier beetles
  8 orc priests
  2 hounds
  3 jellies
  Crazy Yiuf (D:7)
  A sleepcap (D:7)
  4 iguanas
  Ijyb (D:4)
  9 orc wizards
  A hell rat (Lair:5)
  8 mummies (Ossuary)
  5 gnolls
  A river rat (D:3)
  6 adders
  A shadow imp (D:7)
  2 white imps
  2 ufetubi (D:5)
  A dart slug (D:5)
  2 ribbon worms
  32 orcs
  3 bats
  10 endoplasms
  5 giant cockroaches
  4 hobgoblins
  3 jackals (D:4)
  3 quokkas
  6 ball pythons
  3 frilled lizards
  3 gnoll zombies (Ossuary)
  9 goblins
  2 hobgoblin zombies (Ossuary)
  9 kobolds
  3 orc zombies (Ossuary)
  7 rats
461 creatures vanquished.

Vanquished Creatures (collateral kills)
  A hydra (Lair:5)
  4 centaur warriors
  A two-headed ogre (D:10)
  A tengu warrior (D:14)
  A skeletal warrior (D:14)
  A deep elf pyromancer (D:13)
  An orc sorcerer (Orc:2)
  5 cyclopes
  A manticore (D:14)
  3 elephants
  A black mamba (Lair:2)
  An orange demon (D:12)
  A torpor snail (Lair:5)
  5 cane toads
  3 komodo dragons
  2 rime drakes
  2 freezing wraiths
  A red devil (D:12)
  2 trolls
  5 polar bears
  3 hornets
  A tyrant leech (Lair:5)
  6 blink frogs
  8 yaks
  3 wraiths
  5 wyverns
  4 basilisks
  A steam dragon (D:9)
  3 vampire mosquitoes
  A naga (Lair:2)
  4 water moccasins
  An ice beast (D:10)
  3 black bears (Lair:1)
  2 laughing skulls (D:13)
  4 orc warriors
  An ogre (Orc:2)
  4 wolves
  2 centaurs
  2 bullfrogs
  8 killer bees
  A howler monkey (D:10)
  An orc priest (Orc:2)
  8 orc wizards
  3 hell rats (Lair:5)
  A gnoll (D:9)
  8 orcs
  2 kobolds (D:8)
  5 butterflies
137 creatures vanquished.

Vanquished Creatures (others)
  13 knights
13 creatures vanquished.

Grand Total: 611 creatures vanquished

Notes
Turn   | Place    | Note
-------+----------+-------------------------------------------
     0 | D:1      | jasper the Barachi Hunter began the quest for the Orb.
     0 | D:1      | Reached XP level 1. HP: 17/17 MP: 1/1
   242 | D:1      | Reached XP level 2. HP: 23/23 MP: 2/2
   802 | D:2      | Reached XP level 3. HP: 28/28 MP: 3/3
   827 | D:2      | Reached skill level 5 in Ranged Weapons
  1143 | D:3      | Reached XP level 4. HP: 19/34 MP: 4/4
  1502 | D:3      | Reached XP level 5. HP: 17/39 MP: 5/5
  1586 | D:3      | Found a glowing golden altar of the Shining One.
  1782 | D:3      | Found an ornate altar of the Wu Jian Council.
  1948 | D:4      | Noticed Ijyb
  2037 | D:4      | Noticed Menkaure
  2042 | D:4      | Killed Menkaure
  2043 | D:4      | Reached XP level 6. HP: 46/46 MP: 6/6
  2088 | D:4      | Found a sand-covered staircase.
  2181 | Ossuary  | Entered an ossuary
  2782 | D:4      | Reached XP level 7. HP: 51/51 MP: 7/7
  2849 | D:4      | Killed Ijyb
  2976 | D:4      | Noticed Eustachio
  3026 | D:4      | Killed Eustachio
  3227 | D:5      | Entered Level 5 of the Dungeon
  3418 | D:5      | Reached XP level 8. HP: 47/57 MP: 8/8
  3437 | D:5      | Reached skill level 10 in Ranged Weapons
  3638 | D:5      | Noticed Pikel
  3649 | D:5      | Killed Pikel
  3711 | D:5      | Noticed a shadow
  3716 | D:5      | Found a shadowy altar of Dithmenos.
  3717 | D:5      | Found a hazy altar of Hepliaklqana.
  3812 | D:5      | Became a worshipper of Hepliaklqana the Forgotten
  4226 | D:6      | Found a staircase to the Ecumenical Temple.
  4249 | D:6      | Identified the +4 chain mail "Ihutreta" {Regen+ SInv}
  4260 | D:6      | Found a stormy altar of Qazlal.
  4354 | D:6      | Found an ancient bone altar of Kikubaaqudgha.
  4358 | D:6      | Noticed a troll
  4376 | D:6      | Killed a troll
  4377 | D:6      | Reached XP level 9. HP: 62/62 MP: 9/9
  4521 | D:6      | Reached * piety under Hepliaklqana
  5168 | D:7      | You fall into a shaft and drop 2 floors!
  5202 | D:8      | Found Zemoot's Armour Shop.
  5301 | D:7      | Reached ** piety under Hepliaklqana
  5302 | D:7      | Remembered your ancestor froagie as a knight
  5558 | D:7      | Found a runed translucent door.
  5559 | D:7      | Noticed Crazy Yiuf
  5713 | D:7      | Killed Crazy Yiuf
  5902 | D:8      | Reached skill level 1 in Armour
  5902 | D:8      | Reached XP level 10. HP: 54/62 MP: 10/10
  5904 | D:8      | Reached skill level 1 in Invocations
  5905 | D:8      | Reached skill level 3 in Fighting
  6530 | D:9      | Reached skill level 4 in Fighting
  6890 | D:9      | Reached skill level 5 in Fighting
  7148 | D:10     | Entered Level 10 of the Dungeon
  7306 | D:10     | Reached *** piety under Hepliaklqana
  7438 | D:10     | Noticed a two-headed ogre
  7442 | D:10     | Reached skill level 5 in Dodging
  7449 | D:10     | Noticed a centaur warrior
  7541 | D:10     | Reached skill level 5 in Armour
  7569 | D:10     | Found a staircase to the Lair.
  7580 | D:10     | Killed a centaur warrior
  7581 | D:10     | Reached skill level 6 in Fighting
  7581 | D:10     | Reached XP level 11. HP: 44/72 MP: 12/14
  7608 | D:10     | Killed a two-headed ogre
  8087 | D:10     | Noticed Psyche
  8091 | D:10     | Killed Psyche
  8102 | D:10     | Found Venera's Dragon-Slaying Spoils.
  8394 | D:11     | Noticed a boulder beetle
  8421 | D:11     | Killed a boulder beetle
  8422 | D:11     | Reached skill level 7 in Fighting
  8484 | D:11     | Reached skill level 5 in Invocations
  8494 | D:11     | Found a staircase to the Orcish Mines.
  8706 | D:11     | Noticed a boulder beetle
  8831 | D:11     | Killed a boulder beetle
  8862 | D:11     | Reached **** piety under Hepliaklqana
  9535 | Lair:1   | Entered Level 1 of the Lair of Beasts
  9575 | Orc:1    | Entered Level 1 of the Orcish Mines
  9682 | Orc:2    | Entered Level 2 of the Orcish Mines
  9682 | Orc:2    | Found a staircase to the Elven Halls.
  9710 | Orc:2    | Noticed an orc sorcerer
  9717 | Orc:2    | Killed an orc sorcerer
  9908 | Orc:2    | Noticed an orc sorcerer
  9912 | Orc:2    | Killed an orc sorcerer
  9913 | Orc:2    | Reached skill level 8 in Fighting
 10022 | Orc:2    | Found Bayrito's General Store.
 10026 | Orc:2    | Noticed a cyclops
 10037 | Orc:2    | Noticed a stone giant
 10038 | Orc:2    | Killed a cyclops
 10049 | Orc:2    | Killed a stone giant
 10050 | Orc:2    | Reached XP level 12. HP: 84/84 MP: 16/16
 10095 | Orc:2    | Found Vifyraj's Antique Armour Shop.
 10105 | Orc:2    | Noticed an ettin
 10111 | Orc:2    | Killed an ettin
 10157 | Orc:2    | Found Gatun's Jewellery Shop.
 10353 | Orc:2    | Noticed an ettin
 10363 | Orc:2    | Killed an ettin
 10364 | Orc:2    | Reached skill level 9 in Fighting
 10650 | Orc:2    | Found Wezyxtif's Antique Weapon Shoppe.
 10682 | Orc:2    | Reached ***** piety under Hepliaklqana
 10769 | Orc:2    | Found Yqetzeg's Antique Armour Shop.
 10769 | Orc:2    | Noticed an ettin
 10776 | Orc:2    | Killed an ettin
 11611 | Lair:1   | Reached skill level 10 in Fighting
 11818 | Lair:1   | Learned a level 2 spell: Blink
 11970 | Lair:1   | Reached skill level 10 in Armour
 12039 | Lair:1   | Gained mutation: You can hop long distances. [Barachi
                  | growth]
 12039 | Lair:1   | Reached XP level 13. HP: 92/93 MP: 18/18
 12609 | Lair:2   | Reached skill level 10 in Dodging
 12794 | Lair:2   | Reached skill level 11 in Fighting
 13171 | Lair:2   | Found a staircase to the Snake Pit.
 13303 | Lair:2   | Reached skill level 12 in Fighting
 13767 | Lair:3   | Found a staircase to the Shoals.
 13974 | Lair:3   | Reached ****** piety under Hepliaklqana
 14021 | Lair:3   | Reached XP level 14. HP: 104/104 MP: 20/20
 14838 | Lair:4   | You fall into a shaft and drop 1 floor!
 14838 | Lair:5   | Entered Level 5 of the Lair of Beasts
 14935 | Lair:5   | Reached skill level 13 in Fighting
 15946 | D:10     | Bought the +9 ice dragon scales of the Devil {rPois rF-
                  | rC++ Dex+3} for 1729 gold pieces
 16079 | Shoals:1 | Entered Level 1 of the Shoals
 16559 | Lair:4   | Identified the +9 hand axe "Kamoq" {freeze, *Noise rC+++
                  | Str-5 Dex+4}
 16901 | Lair:4   | Found a viscous altar of Jiyva.
 16901 | Lair:4   | Found a staircase to the Slime Pits.
 17176 | Lair:5   | Reached skill level 14 in Fighting
 17528 | Lair:5   | Identified the +10 rapier "Wotwelag" {flame, Int+2}
 17987 | Lair:5   | Reached XP level 15. HP: 65/114 MP: 21/21
 18712 | D:12     | Identified the +4 chain mail "Veomos" {Int+4}
 18866 | D:12     | Identified the +4 leather armour of Caustic Awe {rPois
                  | Regen+ Str+3 Int-4 Stlth+}
 19044 | D:12     | Reached skill level 15 in Fighting
 19488 | D:13     | Reached skill level 15 in Armour
 20553 | D:14     | Noticed Nessos
 20676 | D:14     | Found a sacrificial altar of Ru.
 21600 | D:14     | Reached skill level 16 in Fighting
 21742 | D:14     | Killed Nessos
 21807 | D:14     | Found a gate to the Vaults.
 21839 | D:14     | Killed from afar by a deep elf zephyrmancer

Illustrated notes

Levels and vault maps discovered:
D:1:      noname_arrival_rooms_in_the_neighbourhood, layout_loops_cross,
          minmay_misc_feat_roman
D:2:      layout_rooms
D:3:      layout_loops_cross, nicolae_tso_carved_into_rock,
          nicolae_wu_jian_immortal_techniques, portal_sewer_entry_e
D:4:      layout_gridville, nicolae_ossuary_entry_plus, serial_bayou_lake_a,
          uniq_ijyb, uniq_menkaure, uniq_eustachio
D:5:      layout_loops_ring, riverfiend_overflow_shadow_ancestor, serial_glass,
          glass_columns_a, glass_columns_b, glass_columns_a, glass_columns_b,
          glass_columns_b, glass_columns_c, minmay_diced_spiral, uniq_pikel
D:6:      layout_loops_ring, mainiacjoe_overflow_tiny_flanked,
          mainiacjoe_overflow_paths, minmay_temple_entry_gardened_gates,
          corexii_leaking_fountain
D:7:      layout_gridville, bh_walls_and_bars, uniq_crazy_yiuf_cottage
D:8:      layout_loops_ring, serial_shops, nicolae_shop_stone
D:9:      layout_basic, amcnicky_mini_corridor_feature
D:10:     layout_roguey, hellmonk_lair_entry_icy, nicolae_shop_dragon_depot,
          uniq_psyche
D:11:     layout_basic, orc_0_dummy
D:12:     layout_basic, nicolae_neqoxec_dot_bat
D:13:     layout_rooms
D:14:     hangedman_cross_cluster, layout_basic, david_vaults_1,
          nicolae_ru_sacrificial_ziggurat, minmay_misc_feat_room, uniq_nessos
Lair:1:   beast_lair_carwin_large_4, layout_regular_city, lemuel_fruit_fields,
          lemuel_fruit_fields
Lair:2:   layout_chaotic_city, nicolae_snake_entry_squirm, beast_lair_carwin_2,
          lemuel_fruit_fields, serial_bayou_shore_a, grunt_megastairs_5
Lair:3:   layout_cave_pods, minmay_shoals_entry_beasts,
          chequers_serial_rivers_micro_a
Lair:4:   layout_concentric_octagons, dpeg_slime_entry_corner,
          grunt_megastairs_1
Lair:5:   wormcave, layout_misc_corridors, special_room
          [special_room_mythical_zoo], chequers_serial_rivers_micro_e,
          chequers_serial_rivers_micro_b
Shoals:1: layout_shoals, uniq_nikola
Orc:1:    layout_diamond_mine
Orc:2:    grunt_orc_gardens, layout_caves, grunt_orc_garden, grunt_orc_garden,
          grunt_orc_garden, grunt_orc_garden, serial_shops, shop

Skill      XL: |  1  2  3  4  5  6  7  8  9 10 11 12 13 14 15 |
---------------+----------------------------------------------+-----
Ranged Weapons | 5 6 7 8 9 12 14 | 14.1
Armour         | 1 5 8 10 12 14 15 | 15.8
Invocations    | 4 6 7 8 |  8.2
Fighting       | 6 8 10 12 14 16 | 16.1
Dodging        | 5 7 9 11 13 14 | 14.8
Stealth        | |  0.8

Action                     |  1- 3 |  4- 6 |  7- 9 | 10-12 | 13-15 || total
---------------------------+-------+-------+-------+-------+-------++-------
   Fire: Shortbow          |    80 |   149 |   303 |   683 |  1386 ||  2601
         Longbow           |       |       |       |       |    23 ||    23
 Invoke: Recall Ancestor   |       |       |     1 |     1 |     6 ||     8
         Ancestor Life: Kn |       |       |     1 |       |       ||     1
         Ancestor Identity |       |       |     1 |       |       ||     1
         Idealise          |       |       |       |       |     4 ||     4
Ability: Hop               |     1 |     2 |     5 |     3 |    12 ||    23
  Evoke: Wand              |       |       |       |       |     2 ||     2
    Use: Scroll            |     5 |    10 |     4 |     5 |     9 ||    33
         Potion            |       |     2 |       |     1 |     5 ||     8
 Armour: Leather armour    |    12 |     1 |       |       |       ||    13
         Skin              |       |     5 |       |       |       ||     5
         Ring mail         |       |    32 |    57 |   137 |   217 ||   443
         Ice dragon scales |       |       |       |       |   285 ||   285
  Dodge: Dodged            |    13 |    31 |    43 |   138 |   600 ||   825
